Map: Bridgehead LE (Void)

Players

SuperPoney - Winner!

  • Race: Terran Terran
  • League: Grandmaster

SticklerMac

  • Race: Zerg Zerg

VOD

Have the link to the VOD?

Description

Time

  • Played on: Aug. 6, 2015, 5:24 p.m.
  • Length: 9:09
Show
View Real Time Build Order
Export as new Build Order

SuperPoney Terran - Winner!

Build Orders:  

Get SALT Encoding   

  12  0:01  SCV  
  13  0:13  SCV  
  14  0:21  Supply Depot  
  14  0:25  SCV  
  15  0:48  Barracks  
  15  0:52  Barracks  
  15  0:55  SCV  
  16  1:07  SCV  
  17  1:19  SCV  
  18  1:31  SCV  
  19  1:40  Marine  
  19  1:43  Orbital Command  
  19  1:46  Marine  
  21  1:47  Barracks  
  21  1:54  Bunker  
  21  1:57  Bunker  
  21  1:58  Marine  
  22  2:04  Marine  
  22  2:05  Supply Depot  
  23  2:26  SCV, Marine x2  
  23  2:28  Supply Depot  
  23  2:29  Bunker  
  26  2:38  SCV, Marine  
  26  2:44  Marine x2  
  28  2:50  SCV  
  31  3:02  Marine x2  
  32  3:10  SCV  
  32  3:14  Command Center  
  32  3:19  Marine x2  
  34  3:32  Bunker  
  34  3:37  Marine x2  
  36  3:41  SCV  
  36  3:44  Refinery  
  36  3:45  Refinery  
  36  3:47  Marine  
  38  3:55  Marine  
  39  4:04  Supply Depot  
  39  4:18  Command Center  
  39  4:25  SCV, Orbital Command, Marine x2  
  42  4:43  Marine x2  
  42  4:44  SCV  
  43  4:49  Factory  
  43  4:50  Factory  
  43  4:51  Bunker  
  38  4:54  SCV  
  38  4:56  SCV  
  35  5:07  SCV  
  35  5:08  SCV  
  35  5:09  Marine  
  36  5:18  Marine x2  
  37  5:23  SCV  
  37  5:24  SCV  
  37  5:27  Marine  
  40  5:30  Orbital Command  
  40  5:34  Factory Tech Lab, Factory Reactor  
  40  5:38  Marine x2  
  42  5:50  SCV x2  
  42  5:52  Infernal Pre-Igniter  
  42  5:55  Cyclone  
  41  6:07  SCV x3  
  44  6:12  Refinery  
  44  6:13  Hellion x2, Refinery  
  48  6:19  SCV x3  
  48  6:24  Supply Depot  
  48  6:25  Supply Depot  
  51  6:30  Cyclone  
  51  6:31  SCV x3  
  57  6:46  SCV, Hellion x2  
  64  6:47  SCV x2  
  64  6:59  SCV  
  65  7:02  Cyclone  
  65  7:04  SCV x2  
  65  7:07  Hellion x2  
  74  7:09  Armory  
  74  7:11  SCV, Supply Depot  
  75  7:18  SCV  
  77  7:23  SCV  
  77  7:27  Orbital Command  
  77  7:32  Factory x2  
  77  7:39  Cyclone  
  77  7:40  Hellion x2  
  84  7:47  SCV x2  
  86  7:55  Engineering Bay  
  86  7:56  SCV  
  87  7:59  SCV x2  
  87  8:00  Refinery  
  87  8:01  Hellion x2  
  87  8:02  Refinery  
  93  8:08  SCV  
  93  8:11  SCV x2, Cyclone  
  99  8:21  SCV, Factory  
  99  8:22  Factory  
  99  8:23  SCV  
  101  8:30  Factory Tech Lab  
  101  8:31  Factory Reactor  
  101  8:32  SCV, Hellion  
  101  8:33  Hellion  
  101  8:44  Supply Depot x2  
  101  8:46  Supply Depot  
  101  8:47  Supply Depot  
  101  9:06  Factory Tech Lab  
  101  9:07  Factory Reactor  
Show
View Real Time Build Order
Export as new Build Order

SticklerMac Zerg 

Build Orders: Pool First 

Get SALT Encoding   

  12  0:02  Drone  
  13  0:08  Drone  
  14  0:18  Overlord  
  14  0:37  Drone x3  
  17  0:50  Drone, Spawning Pool  
  17  0:59  Drone  
  18  1:15  Hatchery  
  17  1:24  Extractor  
  17  1:25  Drone  
  17  1:26  Drone  
  17  1:31  Drone  
  19  1:42  Queen  
  19  1:43  Zergling x2  
  22  1:54  Overlord  
  22  2:13  Zergling x2  
  22  2:14  Zergling x2  
  24  2:20  Queen  
  26  2:27  Queen  
  26  2:29  Zergling x4  
  30  2:41  Extractor  
  29  2:46  Zergling x6  
  32  2:56  Queen  
  32  2:57  Zergling x2  
  35  3:04  Queen  
  36  3:08  Zergling x2  
  36  3:09  Overlord  
  36  3:15  Metabolic Boost  
  34  3:37  Zergling x4  
  36  3:41  Zergling x2  
  37  3:49  Zergling x4  
  39  3:56  Zergling x4  
  41  4:04  Zergling x4  
  41  4:08  Zergling x2  
  44  4:34  Overlord x3  
  44  4:43  Zergling x8  
  39  4:49  Zergling x2  
  23  5:05  Zergling x10  
  26  5:17  Zergling x6  
  26  5:21  Zergling x2  
  27  5:25  Zergling x2  
  27  5:28  Zergling x2  
  24  5:45  Zergling x2  
  24  5:46  Zergling x6  
  28  5:55  Zergling x4  
  27  6:01  Drone  
  27  6:03  Zergling x4  
  29  6:04  Zergling x2  
  30  6:14  Zergling x2  
  30  6:15  Zergling x4  
  33  6:23  Zergling x4  
  35  6:32  Zergling x2  
  36  6:34  Drone  
  36  6:37  Drone  
  36  6:38  Drone  
  39  6:41  Drone  
  39  6:58  Queen  
  39  6:59  Queen  
  43  7:04  Drone x2  
  45  7:10  Zergling x4  
  45  7:14  Drone  
  48  7:16  Drone  
  48  7:19  Drone  
  48  7:21  Drone  
  51  7:42  Drone x4  
  51  7:43  Drone x5  
  60  7:46  Zergling x2  
  61  7:52  Drone, Baneling Nest  
  61  7:59  Drone x2  
  61  8:00  Drone  
  64  8:18  Overlord x3  
  62  8:31  Zergling x6  
  62  8:32  Zergling x12  
  48  8:40  Zergling x4  
  44  8:45  Drone  
  42  8:48  Zergling x2  
Tags
 
Add a new tag
Caveats
  • Supply blocks, unpowered buildings, or Contaminate may cause inaccurate times.
  • Supply counts are checked every 10 seconds.